 Dungeon Crawl Stone Soup version 0.24.0-13-gcf9b3192b9 (webtiles) character file.

Game seed: 5818130296209022362, levelgen mode: deterministic

6257 Peloso the Carver (level 10, -1/88 HPs)
             Began as a Minotaur Fighter on Nov 6, 2019.
             Was an Initiate of Okawaru.
             Slain by an orc warrior
             ... wielding a +0 battleaxe
              (22 damage)
             ... on level 10 of the Dungeon.
             The game lasted 00:31:48 (9161 turns).

Peloso the Carver (Minotaur Fighter)                Turns: 9161, Time: 00:31:49

Health: -1/88      AC: 13    Str: 23    XL:     10   Next: 62%
Magic:  9/9        EV:  9    Int:  5    God:    Okawaru [......]
Gold:   319        SH: 16    Dex: 11    Spells: 9/9 levels left

rFire    . . .     SeeInvis .   a - +0 long sword
rCold    . . .     Gourm    .   c - +1 shield
rNeg     . . .     Faith    .   I - +2 chain mail {rPois}
rPois    +         Spirit   .   (helmet restricted)
rElec    .         Reflect  +   D - scarf {cloud immunity}
rCorr    .         Harm     .   (no gloves)
MR       +....                  (no boots)
Stlth    ..........             m - +3 amulet of reflection
HPRegen  0.24/turn              n - ring of protection from magic
MPRegen  0.11/turn              w - ring of stealth

@: no status effects
A: retaliatory headbutt, horns 2
a: Renounce Religion


You were on level 10 of the Dungeon.
You worshipped Okawaru.
Okawaru was noncommittal.
You were not hungry.

You visited 2 branches of the dungeon, and saw 11 of its levels.

You collected 439 gold pieces.
You spent 120 gold pieces at shops.

Inventory:

Hand Weapons
 a - a +0 long sword (weapon)
Armour
 b - a +0 scale mail
 c - a +1 shield (worn)
 k - a +0 cloak
 o - a +2 scale mail of poison resistance
 C - a +0 plate armour
 D - a scarf of cloud immunity (worn)
 I - a +2 chain mail of poison resistance (worn)
Jewellery
 m - a +3 amulet of reflection (around neck)
 n - a ring of protection from magic (left hand)
 s - an uncursed ring of protection from cold
 t - an uncursed ring of protection from cold
 w - a ring of stealth (right hand)
 B - an uncursed ring of protection from fire {unknown}
Wands
 g - a wand of flame (14)
 A - a wand of acid (10)
Scrolls
 h - 6 scrolls of remove curse
 l - 2 scrolls of fear
 p - 3 scrolls of teleportation
 q - 2 scrolls of noise {unknown}
 r - a scroll of fog {unknown}
 u - a scroll of amnesia {unknown}
 x - 3 scrolls of enchant armour
 y - 3 scrolls of enchant weapon {unknown}
 E - a scroll of brand weapon {unknown}
 F - a scroll of blinking
 H - a scroll of identify
Potions
 d - 4 potions of might
 e - a potion of curing
 i - 2 potions of haste {unknown}
 j - a potion of cancellation
 v - a potion of brilliance {unknown}
 z - a potion of flight {unknown}
 G - a potion of agility {unknown}
Comestibles
 f - 16 rations


   Skills:
 + Level 8.0 Fighting
 + Level 10.9 Long Blades
 + Level 9.4 Armour
 + Level 4.5 Dodging
 + Level 1.3 Stealth
 + Level 10.6 Shields
 + Level 0.3 Evocations


You had 9 spell levels left.
You didn't know any spells.
Your spell library contained the following spells:

 Spells                   Type           Power        Failure   Level  Hunger
 Confusing Touch          Hex            #.....       99%         1    ##.....
 Sting                    Conj/Pois      #...         99%         1    ##.....
 Summon Small Mammal      Summ           #...         99%         1    ##.....
 Call Imp                 Summ           #.......     100%        2    ###....
 Ensorcelled Hibernation  Hex/Ice        #.....       100%        2    ###....
 Poisonous Vapours        Pois/Air       #.....       100%        2    ###....
 Throw Frost              Conj/Ice       #.....       100%        2    ###....
 Call Canine Familiar     Summ           #.......     100%        3    ####...
 Mephitic Cloud           Conj/Pois/Air  #.......     100%        3    ####...
 Summon Guardian Golem    Hex/Summ       #.......     100%        3    ####...
 Leda's Liquefaction      Hex/Erth       #.........   100%        4    #####..
 Olgreb's Toxic Radiance  Pois           #.......     100%        4    #####..
 Summon Ice Beast         Ice/Summ       #.......     100%        4    #####..
 Summon Lightning Spire   Summ/Air       #.......     100%        4    #####..
 Irradiate                Conj/Tmut      #.........   100%        5    ######.
 Metabolic Englaciation   Hex/Ice        #.........   100%        5    ######.
 Venom Bolt               Conj/Pois      #.........   100%        5    ######.
 Hydra Form               Tmut           #.........   100%        6    #######
 Simulacrum               Ice/Necr       #.........   100%        6    #######
 Statue Form              Tmut/Erth      #........    100%        6    #######
 Dragon Form              Tmut           #.........   100%        7    #######


Dungeon Overview and Level Annotations

Branches:
Dungeon (10/15)            Temple (1/1) D:7            Lair (0/6) D:8
    Orc: D:9-12

Altars:
Ashenzari
Cheibriados
Dithmenos
Elyvilon
Fedhas
Gozag
Hepliaklqana
Kikubaaqudgha
Makhleb
Nemelex Xobeh
Okawaru
Qazlal
Ru
Trog
Uskayaw
Vehumet
Wu Jian
Xom
Yredelemnul
Zin
The Shining One

Shops:
D:7 ?=


Innate Abilities, Weirdness & Mutations

You reflexively headbutt those who attack you in melee.
You have a pair of horns on your head.


Message History

You hear a shout!
You hear an angry hiss.
You hear a shout!
An orc wizard comes into view. It is wielding a +0 dagger.
The orc warrior hits you with a +0 battleaxe!
You closely miss the orc warrior. You hit the orc wizard.
The orc wizard is moderately wounded.
The orc wizard hits you but does no damage.
You slash the orc wizard!
You kill the orc wizard!
Okawaru accepts your kill.
The orc warrior hits you with a +0 battleaxe!
* * * LOW HITPOINT WARNING * * *
You closely miss the orc wizard.
An orc comes into view. It is wielding a +0 whip.
You block the orc wizard's attack.
You hit the orc wizard. Your headbutt misses the orc wizard.
The orc wizard is lightly wounded.
The orc warrior hits you with a +0 battleaxe!!
You die...

......#<#.#.(......#....
......#.#.##[......##.#.
......#.#...)....#.##...
...........<(..(#......
##.......).#.######..
#..........#(.. ##.
###.############ #..
###.##### #.# #..#@#..#
#.# ##..oo..# . #
#.#)#.## .# # #.#)#o# ##
# #..##.# # #.# .. .. #.
#. .# ## #$


You could see an orc warrior, an orc wizard and an orc.

Vanquished Creatures
  A two-headed ogre (D:10)
  An unseen horror (D:10)
  A troll (D:10)
  A hippogriff (D:9)
  Menkaure (D:6)
  Duvessa (D:6)
  A porcupine (D:8)
  3 sky beasts
  An ice beast (D:10)
  4 orc warriors
  A black bear (D:10)
  A necrophage (D:7)
  A phantom (D:7)
  2 ogres (D:10)
  4 centaurs (D:6)
  A crocodile (D:8)
  2 big kobolds
  5 bullfrogs
  Dowan (D:6)
  4 scorpions
  7 wights
  5 electric eels
  2 howler monkeys (D:7)
  5 crimson imps
  A bullfrog zombie (D:8)
  A centaur skeleton (D:7)
  4 hounds
  4 jellies
  8 orc wizards
  8 orc priests
  A bullfrog skeleton (D:4)
  3 iguanas
  2 worker ants
  A hound skeleton (D:7)
  14 gnolls
  8 river rats (D:5)
  4 adders
  3 shadow imps
  2 oozes
  2 adder zombies (D:6)
  2 worms
  3 leopard geckos
  46 orcs
  3 giant cockroaches
  5 goblins
  3 hobgoblins
  2 jackals (D:5)
  10 quokkas
  3 bats
  7 frilled lizards
  13 kobolds
  17 rats
  A spectral orc (D:2)
237 creatures vanquished.

Vanquished Creatures (others)
  A centaur (D:10)
  A bullfrog (D:8)
  A kobold (D:10)
  A fungus (D:8)
  2 plants
6 creatures vanquished.

Grand Total: 243 creatures vanquished

Notes
Turn   | Place    | Note
-------+----------+-------------------------------------------
     0 | D:1      | Peloso the Minotaur Fighter began the quest for the Orb.
     0 | D:1      | Reached XP level 1. HP: 19/19 MP: 0/0
   189 | D:1      | Reached XP level 2. HP: 27/27 MP: 1/1
   618 | D:2      | Found a basalt altar of Yredelemnul.
  1003 | D:2      | Found a sacrificial altar of Ru.
  1125 | D:3      | Reached XP level 3. HP: 33/33 MP: 2/2
  1172 | D:3      | Noticed a scorpion
  1182 | D:3      | Killed a scorpion
  1182 | D:3      | Reached XP level 4. HP: 27/41 MP: 3/3
  1189 | D:3      | Noticed a bullfrog
  1199 | D:3      | Killed a bullfrog
  1199 | D:3      | Reached XP level 5. HP: 10/47 MP: 4/4
  2178 | D:4      | Reached skill level 5 in Shields
  2178 | D:4      | Reached XP level 6. HP: 45/55 MP: 5/5
  2271 | D:4      | Reached skill level 5 in Long Blades
  2271 | D:4      | Reached skill level 5 in Armour
  2271 | D:4      | Reached skill level 1 in Dodging
  2937 | D:4      | Found a bloodstained altar of Trog.
  3101 | D:5      | Entered Level 5 of the Dungeon
  3215 | D:5      | Noticed a sky beast
  3232 | D:5      | Killed a sky beast
  3232 | D:5      | Reached skill level 5 in Fighting
  3412 | D:5      | Reached XP level 7. HP: 46/61 MP: 6/6
  3653 | D:5      | Found a glowing golden altar of the Shining One.
  3653 | D:5      | Found a faded altar of an unknown god.
  3658 | D:5      | Found a sparkling altar of Nemelex Xobeh.
  3660 | D:5      | Found a snail-covered altar of Cheibriados.
  3662 | D:5      | Found a stormy altar of Qazlal.
  4094 | D:6      | Identified the Grimoire of Hexes and the Frostbite
  4161 | D:6      | Noticed Menkaure
  4172 | D:6      | Killed Menkaure
  4308 | D:6      | Found a bloodstained altar of Trog.
  4351 | D:6      | Reached XP level 8. HP: 69/69 MP: 7/7
  4665 | D:6      | Noticed Duvessa
  4665 | D:6      | Noticed Dowan
  4684 | D:6      | Killed Duvessa
  4691 | D:6      | Killed Dowan
  5098 | D:7      | Found an opulent altar of Gozag.
  5157 | D:7      | Found a staircase to the Ecumenical Temple.
  5168 | Temple   | Entered the Ecumenical Temple
  5259 | D:7      | Found a shadowy altar of Dithmenos.
  5383 | D:7      | Found Umuen's Magic Scroll Shoppe.
  5413 | D:7      | Bought a scroll of fear for 38 gold pieces
  5413 | D:7      | Bought a scroll of enchant armour for 82 gold pieces
  5490 | D:7      | Reached XP level 9. HP: 31/74 MP: 8/8
  5748 | D:7      | Found Rinecut's Jewellery Emporium.
  6210 | D:7      | Reached skill level 1 in Stealth
  6269 | D:8      | Found a staircase to the Lair.
  6367 | D:8      | Found a transporter.
  6380 | D:8      | Found a transporter.
  6478 | D:8      | Found a shattered altar of Ashenzari.
  7321 | D:8      | Reached skill level 10 in Long Blades
  7852 | D:9      | Found an iron altar of Okawaru.
  7886 | D:10     | Entered Level 10 of the Dungeon
  7932 | D:10     | Reached XP level 10. HP: 62/85 MP: 9/9
  7972 | D:10     | Noticed a two-headed ogre
  8287 | D:10     | Killed an unseen horror
  8466 | D:10     | Killed a two-headed ogre
  8466 | D:10     | Reached skill level 10 in Shields
  8873 | D:9      | Became a worshipper of Warmaster Okawaru
  9161 | D:10     | Slain by an orc warrior

Levels and vault maps discovered:
D:1:      ncdulo_smallfort, layout_loops_ring, hangedman_decor_push,
          minmay_misc_feat_five
D:2:      layout_rooms, nicolae_ru_the_path_less_chosen,
          yredelemnul_forgotten_temple_becter, first_ration
D:3:      layout_rooms
D:4:      layout_basic, lightli_temple_of_fire
D:5:      lemuel_ratsnest, layout_rooms, chequers_temple_overflow_minitemple
D:6:      layout_gridville, hangedman_decor_slide_cut,
          trog_three_pillars_becter, uniq_duvessa, uniq_menkaure
D:7:      wad_woods_pond, layout_basic, nicolae_dithmenos_the_darkroom,
          nicolae_gozag_seed_capital, temple_fountains, serial_shops, shop,
          shop, nicolae_water_bricks
D:8:      gammafunk_steamed_eel, layout_basic, ashenzari_altar_1,
          grunt_lair_entry_orc_guard_hut, lightli_minifort
D:9:      layout_irregular_city, nicolae_overflow_hidden_temple,
          nicolae_overflow_crystal_walls
D:10:     layout_basic, erik_orc_3
Temple:   cyrus_temple_forest

Skill      XL: |  1  2  3  4  5  6  7  8  9 10 |
---------------+-------------------------------+-----
Armour         | 4 5 6 7 8 9 |  9.4
Shields        | 4 5 6 7 9 10 | 10.6
Fighting       | 4 5 6 7 8 |  8.0
Long Blades    | 3 4 5 7 8 10 | 10.9
Dodging        | 1 2 3 4 |  4.5
Stealth        | 1 |  1.3
Evocations     | |  0.3

Action                   |  1- 3 |  4- 6 |  7- 9 | 10-12 || total
-------------------------+-------+-------+-------+-------++-------
Melee: Long sword        |    79 |   156 |   442 |   152 ||   829
       Headbutt          |     5 |    25 |   118 |    32 ||   180
Evoke: Wand              |       |       |     6 |       ||     6
  Use: Scroll            |     5 |       |     4 |       ||     9
       Potion            |     2 |       |       |     2 ||     4
  Eat: Chunk             |     1 |     4 |    11 |     5 ||    21
       Ration            |       |     1 |     1 |       ||     2
Armor: Scale mail        |    24 |    58 |   126 |    32 ||   240
       Chain mail        |       |       |       |    35 ||    35
Dodge: Dodged            |    26 |    44 |   101 |    57 ||   228
Block: Shield            |    43 |    89 |   267 |   154 ||   553
       Reflection        |       |       |    12 |    13 ||    25
       Rpst.: Long sword |    10 |     9 |    24 |     9 ||    52
